 Dungeon Crawl Stone Soup version 0.32-a0-576-g706899e69d (webtiles) character file.

Game seed: 8807455672058609428

97 Sabo the Trooper (level 4, -3/36 HPs)
             Began as a Coglin Fighter on Mar 1, 2024.
             Slain by Grinder (6 damage)
             ... while paralysed by Grinder
             ... on level 3 of the Dungeon.
             The game lasted 00:08:53 (1849 turns).

Sabo the Trooper (Coglin Fighter)                   Turns: 1849, Time: 00:08:53

Health: -3/36      AC: 11    Str: 18    XL:     4   Next: 68%
Magic:  4/4        EV:  2    Int:  7    God:
Gold:   250        SH:  0    Dex: 14    Spells: 3/3 levels left

rFire   . . .        a - +0 war axe {Agustín}
rCold   . . .        m - +0 war axe {Publia}
rNeg    . . .        l - +0 chain mail
rPois   .            (no helmet)
rElec   .            f - +1 cloak
rCorr   .            (no gloves)
SInv    .            (no boots)
Will    .....        (amulet unavailable) Stlth
                     (ring unavailable)
HPRegen 0.26/turn    (ring unavailable)
MPRegen 0.09/turn    (no gizmo)

%: no passive effects
@: paralysed, revving
A: off-hand wielding, slow wielding, warmup strikes, no jewellery
a: Invent Gizmo


You were on level 3 of the Dungeon.
You visited 1 branch of the dungeon, and saw 3 of its levels.

You collected 250 gold pieces.

Inventory:

Hand Weapons
 a - a +0 war axe (weapon) {Agustín}
 m - a +0 war axe (offhand) {Publia}
Missiles
 b - 3 poisoned darts
Armour
 f - a +1 cloak (worn)
 l - a +0 chain mail (worn)
Scrolls
 c - a scroll of poison {unknown}
 e - 2 scrolls of teleportation
 g - a scroll of fog {unknown}
 i - a scroll of fear
 j - a scroll of amnesia {unknown}
 k - a scroll of immolation {unknown}
 n - a scroll of identify {unknown}
Potions
 d - a potion of might
 h - a potion of enlightenment {unknown}
 o - a potion of curing {unknown}
 p - a potion of degeneration {unknown}


   Skills:
 + Level 3.6 Fighting
 + Level 3.5 Axes
 + Level 3.1 Armour
 + Level 0.6 Dodging
 + Level 2.2 Shields


You had 3 spell levels left.
You didn't know any spells.
Your spell library contained the following spells:

 Spells                   Type           Power      Damage    Failure   Level
 Sting                    Conj/Alch      0%         1d3       99%         1
 Summon Small Mammal      Summ           0%         N/A       99%         1
 Mercury Vapours          Alch/Air       0%         N/A       100%        2
 Call Canine Familiar     Summ           0%         N/A       100%        3
 Olgreb's Toxic Radiance  Alch           0%         N/A       100%        4
 Summon Blazeheart Golem  Fire/Summ      0%         N/A       100%        4


Dungeon Overview and Level Annotations

Branches:
Dungeon (3/15)

Altars:

Shops:
D:3 (

Annotations:
D:3 Grinder


Innate Abilities, Weirdness & Mutations

You can wield a second weapon in your off-hand.
It takes a long time for you to wield or remove held weapons.
Your first few attacks do less damage.
You cannot equip rings or amulets.


Message History

You closely miss the hobgoblin with your +0 war axe.
The hobgoblin is severely wounded.
You hit the hobgoblin with your +0 war axe.
You kill the hobgoblin!
Grinder comes into view.
Found an escape hatch in the ceiling.
Grinder shouts!
Items here: ))) ††††.
You see here a +0 club.
Grinder gestures at you. You resist with significant effort.
Grinder gestures at you. You resist with significant effort.
Grinder gestures at you. Pain shoots through your body!
Grinder blinks!
Grinder hits you.
* * * LOW HITPOINT WARNING * * *
You writhe in agony.
* * * LOW HITPOINT WARNING * * *
You closely miss Grinder with your +0 war axe.
You barely miss Grinder with your +0 war axe.
Grinder hits you but does no damage.
You slash Grinder with your +0 war axe!
Grinder is moderately wounded.
You barely miss Grinder with your +0 war axe.
Grinder hits you.
* * * LOW HITPOINT WARNING * * *
You barely miss Grinder with your +0 war axe.
Grinder is moderately wounded.
You hit Grinder with your +0 war axe. Grinder barely misses you. x2
You hit Grinder with your +0 war axe.
Grinder is heavily wounded.
You hit Grinder with your +0 war axe. Grinder gestures at you.
You suddenly lose the ability to move!
Grinder hits you but does no damage. x3
Grinder hits you.
You die...
Grinder sighs, "Dead already?
I want a refund."

#..##.#.#.....##########<
#..##.#........).).......
#..##.#.#>...###))...5...
#..##....<..# #5########
#.........# #.#
####..####.### #.#
......# #.# #.# #######
#.########.# #......@5..#
############


You could see Grinder.

Vanquished Creatures
  Robin (D:3)
  2 adders (D:2)
  2 dart slugs
  A ribbon worm (D:3)
  3 orcs (D:3)
  4 ball pythons
  5 bats (D:1)
  3 endoplasms
  2 giant cockroaches
  7 hobgoblins
  3 quokkas
  2 frilled lizards
  12 goblins
  4 kobolds
  4 rats
55 creatures vanquished.

Notes
Turn   | Place    | Note
-------+----------+-------------------------------------------
     0 | D:1      | Sabo the Coglin Fighter began the quest for the Orb.
     0 | D:1      | Reached XP level 1. HP: 18/18 MP: 1/1
   114 | D:1      | Reached XP level 2. HP: 24/24 MP: 2/2
   341 | D:1      | Found a faded altar of an unknown god.
   504 | D:1      | Reached XP level 3. HP: 29/29 MP: 3/3
  1358 | D:3      | Reached XP level 4. HP: 35/35 MP: 4/4
  1791 | D:3      | Found Tiackile's Weapon Shop.
  1810 | D:3      | Noticed Robin
  1819 | D:3      | Killed Robin
  1821 | D:3      | Noticed Grinder
  1843 | D:3      | HP: 1/36 [Grinder (2)]
  1845 | D:3      | Paralysed by Grinder for 5 turns
  1849 | D:3      | Slain by Grinder

Illustrated notes

Levels and vault maps discovered:
D:1:      dpeg_arrival_tiny_a, layout_rooms, chequers_ecumenical_altar_simple
D:2:      layout_loops_cross, corexii_corridor_pit
D:3:      layout_loops_ring, grunt_temple_overflow_lords_of_destruction,
          grunt_temple_overflow_gold_and_silver, serial_shops,
          nicolae_shop_crystal, nicolae_concentric_dashed_squares_wild,
          st_stairs_6, uniq_robin, uniq_grinder

Skill      XL: |  1  2  3 |
---------------+----------+-----
Armour         | 3 |  3.1
Axes           | 3 |  3.5
Fighting       | |  3.6
Dodging        | |  0.6
Shields        | |  2.2

Action                     |  1- 3 |  4- 6 || total
---------------------------+-------+-------++-------
  Melee: War axe           |    95 |    56 ||   151
         Dagger            |     7 |       ||     7
         Short sword       |     1 |       ||     1
    Use: Scroll            |     2 |       ||     2
 Armour: Scale mail        |    53 |       ||    53
         Chain mail        |    24 |    36 ||    60
  Dodge: Dodged            |    47 |    14 ||    61
  Block: Buckler           |    11 |       ||    11

Table legend: (Time is in decaauts)
 A = Elapsed time spent in this place.
 B = Non-inter-level travel time spent in this place.
 C = Inter-level travel time spent in this place.
 D = Time resting spent in this place.
 E = Time spent auto-exploring this place.
 F = Levels seen in this place.
 G = Mean time per level.
                   A        B        C        D        E       F      G
               +--------+--------+--------+--------+--------+-----+--------+
         Total |   1887 |   1887 |      0 |    180 |      0 |   3 |  629.0 |
       Dungeon |   1887 |   1887 |      0 |    180 |      0 |   3 |  629.0 |
               +--------+--------+--------+--------+--------+-----+--------+

Top non-repeatable levels by time:
     D:2: 758 daAuts
     D:1: 616 daAuts
     D:3: 513 daAuts
